 Dungeon Crawl Stone Soup version 0.29-a0-617-g7a6b98fccd (webtiles) character file.

Game seed: 11032286020036575257

10231 dolemite99 the Nimble (level 11, -4/102 HPs)
             Began as a Djinni Conjurer on June 18, 2022.
             Was a High Priest of Jiyva.
             Slain by a cane toad (15 damage)
             ... on level 1 of the Lair of Beasts.
             The game lasted 00:21:31 (14933 turns).

dolemite99 the Nimble (Djinni Conjurer)            Turns: 14933, Time: 00:21:32

Health: -4/102     AC:  8    Str:  4    XL:     11   Next: 89%
Gold:   266        EV: 18    Int: 33    God:    Jiyva [*****.] SH:  0 Dex:  9

rFire   + + .      SeeInvis .   O - +4 scimitar (freeze)
rCold   x . .      Faith    .   (no shield)
rNeg    . . .      Spirit   .   I - +0 steam dragon scales
rPois   ∞          Reflect  .   C - +0 hat {Will+}
rElec   +          Harm     .   (no cloak)
rCorr   +          Rampage  .   (no gloves)
Will    ++...                   (boots unavailable)
Stlth   ++........              (no amulet)
HPRegen 1.71/turn               (no ring)
MPRegen 0.00/turn               (no ring)

@: about to teleport, flying, hasted, very quick
A: sickness immunity, fire resistance 2, cold vulnerability 1, float, innate
caster, HP casting, extra vitality 1, clever 2, robust 3, electricity
resistance, gelatinous body 3, tendrils, jelly sensing items, engulf
a: Renounce Religion, Oozemancy, Slimify


You were on level 1 of the Lair of Beasts.
You worshipped Jiyva.
Jiyva was extremely pleased with you.
You visited 3 branches of the dungeon, and saw 12 of its levels.
You also visited: Sewer.

You collected 318 gold pieces.
You spent 52 gold pieces at shops.

Inventory:

Hand Weapons
 b - a +0 short sword
 c - a +0 spear
 h - a +0 hunting sling
 i - a +1 dagger of venom
 k - the +7 dagger "Xyzon" {flame, rC+ Dex-5 SInv}
   (You found it on level 2 of the Dungeon)

   It burns those it strikes, dealing additional fire damage.
   Dex:       It affects your dexterity (-5).
   rC:        It protects you from cold.
   SInv:      It lets you see invisible.
 m - a +0 whip
 q - a +0 vorpal mace
 s - a +1 dagger of flaming
 x - a +0 hunting sling
 y - a +1 flail of venom
 E - a +1 war axe of freezing
 F - a +3 dire flail
 G - a +4 scimitar
 H - a +3 trident
 J - a +4 long sword
 M - a +3 trident
 O - a +4 scimitar of freezing (weapon)
 P - a +0 short sword of flaming
Missiles
 d - 66 stones
 f - a throwing net
Armour
 a - a +0 robe
 C - a +0 hat of willpower (worn)
 I - +0 steam dragon scales (worn)
 L - the +5 ring mail "Mybaafuck" {Dex+7 Stlth+}
   (You found it on level 8 of the Dungeon)

   Dex:       It affects your dexterity (+7).
   Stlth:     It makes you more stealthy.
 N - a +2 robe of positive energy
Jewellery
 o - an amulet of the acrobat
Wands
 j - a wand of flame (14)
 r - a wand of polymorph (7)
 u - a wand of mindburst (12)
Scrolls
 e - 2 scrolls of immolation
 n - 3 scrolls of fog
 p - a scroll of amnesia
 t - 2 scrolls of teleportation
Potions
 g - 2 potions of attraction
 l - 2 potions of degeneration
 v - 3 potions of flight
 w - a potion of might
 z - 2 potions of lignification
 B - a potion of magic {unknown}
 D - a potion of brilliance {unknown}
 Q - 2 potions of mutation {unknown}


   Skills:
 - Level 7.4 Fighting
 - Level 3.9(6.5) Short Blades
 - Level 8.3(8.7) Long Blades
 - Level 3.4 Polearms
 - Level 10.2 Dodging
 - Level 2.1 Stealth
 - Level 6.8 Spellcasting
 + Level 0.0 Evocations


You couldn't memorise any spells.
You knew the following spells:

 Your Spells              Type           Power      Damage    Failure   Level
a - Magic Dart            Conj           100%       1d8       1%          1
b - Searing Ray           Conj           100%       2d8       1%          2
c - Dazzling Flash        Conj/Hex       100%       N/A       1%          3
d - Fulminant Prism       Conj/Hex       27%        3d14      2%          4
e - Iskenderun's Mystic   Conj/Tloc      54%        2d12      2%          4
f - Beastly Appendage     Tmut           100%       N/A       1%          1
g - Blink                 Tloc           100%       N/A       1%          2
h - Ignite Poison         Fire/Tmut/Pois 54%        N/A       1%          3
i - Mephitic Cloud        Conj/Pois/Air  54%        N/A       1%          3
j - Hailstorm             Conj/Ice       54%        3d12      2%          4
Your spell library was empty.

Dungeon Overview and Level Annotations

Branches:
Dungeon (10/15)            Temple (1/1) D:7            Lair (1/6) D:10
  Sewer (visited)
    Orc: D:9-12

Altars:
Cheibriados
Kikubaaqudgha
Trog
Vehumet
Wu Jian
Yredelemnul
Jiyva

Shops:
D:5 **


Innate Abilities, Weirdness & Mutations

You are immune to sickness and miasma.
You are immune to poison.
Your flesh is very heat resistant. (rF++)
You are vulnerable to cold. (rC-)
You float through the air rather than walking.
You learn spells naturally, not from books.
Your magical power is your life essence.
You have superior vitality. (+4 MHP)
Your mind is very acute. (Int +8, Str/Dex-2)
You are extremely robust. (+30% HP)
You are resistant to electric shocks. (rElec)
Your gelatinous body deflects attacks. (AC +3, EV +3)
You are covered in slimy tendrils that may disarm your opponents.
You have a small jelly attached to you that senses nearby items.
Your melee attacks may engulf your foes in ooze.


Message History

* * * LOW HITPOINT WARNING * * *
The cane toad misses you.
The searing ray hits the cane toad.
The cane toad is moderately wounded.
* * * LOW HITPOINT WARNING * * *
A yak comes into view.
The cane toad closely misses you.
You slash the cane toad! You freeze the cane toad.
You engulf the cane toad in ooze!
The cane toad is heavily wounded.
The yak is no longer blind.
You hit the cane toad. You freeze the cane toad.
The cane toad is heavily wounded.
The cane toad barely misses you.
You hit the cane toad but do no damage.
The cane toad is heavily wounded.
The cane toad stings you.
* * * LOW HITPOINT WARNING * * *
The yak completely misses you.
Okay, then.
As you read the scroll of teleportation, it crumbles to dust.
You feel strangely unstable. The cane toad misses you.
The yak barely misses you.
You barely miss the yak. The cane toad stings you.
* * * LOW HITPOINT WARNING * * *
Casting: Searing Ray (safe; 1% risk of failure)
Confirm with . or Enter, or press ? or * to list all spells.
Casting: Dazzling Flash (safe; 1% risk of failure)
Press: ? - help, Dir - look around, f - activate The cane toad is dazzled.
The yak is dazzled.
* * * LOW HITPOINT WARNING * * *
The yak barely misses you.
Casting: Dazzling Flash (safe; 1% risk of failure)
Confirm with . or Enter, or press ? or * to list all spells.
Casting: Dazzling Flash (safe; 1% risk of failure)
Press: ? - help, Dir - look around, f - activate The cane toad is dazzled.
The yak is dazzled. x3
* * * LOW HITPOINT WARNING * * *
The cane toad stings you!
You die...

###
#.##### ##
##Y...# .
####.
#@FY.##
..#....##
###Y..##
........##
#....#
#.......##
##...####
#.<..##
##)....##
##.#..##
##.....#
####..##
#.....##
#.#..##
###....#
##....#
#P..÷##


You could see 3 yaks and a cane toad (blind, engulfed).

Vanquished Creatures
  Harold (Lair:1)
  A hydra (Lair:1)
  A two-headed ogre (D:9)
  An unseen horror (D:9)
  A troll (D:10)
  A wyvern (Lair:1)
  A wraith (D:9)
  A vampire (D:10)
  15 yaks
  A steam dragon (D:7)
  An acid dragon (D:10)
  6 orc warriors
  2 water moccasins (Lair:1)
  A centaur (D:9)
  A kobold brigand (Sewer)
  5 phantoms
  3 bullfrogs
  A wyvern zombie (D:5)
  A scorpion (D:5)
  16 wights
  A water moccasin skeleton (D:5)
  15 killer bees
  A howler monkey (D:9)
  A bullfrog zombie (D:5)
  5 hounds
  6 orc priests
  Jessica (D:2)
  2 iguanas
  Natasha (thrice) (D:2)
  7 orc wizards
  A killer bee zombie (D:5)
  A hound skeleton (D:5)
  Robin (D:3)
  5 adders
  3 gnolls
  A white imp (D:7)
  2 ufetubi (D:5)
  A worm (D:6)
  2 dart slugs
  28 orcs
  2 ball pythons
  4 endoplasms
  6 giant cockroaches
  8 hobgoblins
  4 jackals
  A quokka (D:1)
  7 bats
  3 frilled lizards
  12 goblins
  11 kobolds
  8 rats
214 creatures vanquished.

Vanquished Creatures (collateral kills)
  Gastronok (D:9)
  A komodo dragon (Lair:1)
  A hornet (D:7)
  A kobold brigand (D:7)
4 creatures vanquished.

Vanquished Creatures (others)
  Eustachio (D:6)
  A water moccasin (Lair:1)
  A centaur (D:8)
  2 wolves (D:10)
  A bullfrog (Lair:1)
  A gnoll sergeant (D:10)
  6 wights
  2 electric eels (D:10)
  2 centaur zombies (D:5)
  48 jellies
  A hound (D:10)
  A gnoll shaman (D:7)
  An iguana (D:6)
  An orc wizard (D:9)
  6 adders
  5 gnolls
  A shadow imp (D:6)
  An adder skeleton (D:5)
  A dart slug (D:5)
  3 endoplasms
  5 orcs
  7 kobolds
  A quokka (D:4)
  A rat (Sewer)
  14 fulminant prisms
  8 fungi
  48 plants
  7 withered plants (D:5)
177 creatures vanquished.

Grand Total: 395 creatures vanquished

Notes
Turn   | Place    | Note
-------+----------+-------------------------------------------
     0 | D:1      | dolemite99 the Djinni Conjurer began the quest for the Orb.
     0 | D:1      | dolemite99 set off with the following spells memorised:
                  | Magic Dart, Searing Ray, Dazzling Flash, Fulminant Prism,
                  | Iskenderun's Mystic Blast.
     0 | D:1      | Reached XP level 1. HP: 15/15 MP: 0/0
   227 | D:1      | Reached XP level 2. HP: 17/21 MP: 0/0
  1158 | D:1      | Reached XP level 3. HP: 23/25 MP: 0/0
  1158 | D:1      | Learned a level 1 spell: Beastly Appendage
  2070 | D:2      | Noticed Natasha
  2710 | D:2      | Reached skill level 1 in Fighting
  2717 | D:2      | Identified the +7 dagger "Xyzon" {flame, rC+ Dex-5 SInv}
  2751 | D:2      | Reached XP level 4. HP: 28/32 MP: 0/0
  2845 | D:2      | Killed Natasha
  3187 | D:2      | Noticed Natasha
  3195 | D:2      | Killed Natasha
  3196 | D:2      | Reached XP level 5. HP: 23/38 MP: 0/0
  3196 | D:2      | Learned a level 2 spell: Blink
  3712 | D:2      | Found a faded altar of an unknown god.
  3780 | D:2      | Prayed at the altar of an unknown god.
  3780 | D:2      | Became a worshipper of Jiyva Jianag the Shapeless
  3780 | D:2      | Reached * piety under Jiyva
  3786 | D:2      | Noticed Jessica
  3789 | D:2      | Killed Jessica
  3987 | D:2      | Noticed Natasha
  4062 | D:2      | Killed Natasha
  4372 | D:3      | Reached XP level 6. HP: 45/46 MP: 0/0
  4452 | D:3      | Noticed Robin
  4458 | D:3      | Killed Robin
  4782 | D:3      | Reached ** piety under Jiyva
  5303 | D:4      | Reached *** piety under Jiyva
  5303 | D:4      | Gained mutation: You have hidden genetic potential.
                  | [Jiyva's grace]
  5303 | D:4      | Gained mutation: You have great hidden genetic potential.
                  | [Jiyva's grace]
  5303 | D:4      | Gained mutation: Your mind is acute. (Int +4, Str/Dex-1)
                  | [Jiyva's grace]
  5303 | D:4      | Gained mutation: Your mind is very acute. (Int +8,
                  | Str/Dex-2) [Jiyva's grace]
  5536 | D:4      | Found a basalt altar of Yredelemnul.
  5539 | D:4      | Found a snail-covered altar of Cheibriados.
  6070 | D:4      | Reached **** piety under Jiyva
  6302 | D:5      | Entered Level 5 of the Dungeon
  6563 | D:5      | Reached skill level 5 in Spellcasting
  6563 | D:5      | Reached XP level 7. HP: 48/53 MP: 0/0
  6563 | D:5      | Learned a level 3 spell: Ignite Poison
  6568 | D:5      | Gained mutation: Your spells are a little harder to cast,
                  | but a little more powerful. [hidden potential]
  6765 | D:5      | Reached skill level 5 in Fighting
  6977 | D:5      | Found Canoss's Specific Store.
  6981 | D:5      | Found Ycloig's General Store.
  6989 | D:5      | Bought a scroll of identify for 26 gold pieces
  6989 | D:5      | Bought a scroll of identify for 26 gold pieces
  7069 | D:5      | Reached XP level 8. HP: 40/59 MP: 0/0
  7428 | D:6      | Lost mutation: Your mind is very acute. (Int +8, Str/Dex-2)
                  | [Jiyva's grace]
  7428 | D:6      | Lost mutation: You have great hidden genetic potential.
                  | [Jiyva's grace]
  7428 | D:6      | Gained mutation: You have a small jelly attached to you
                  | that senses nearby items. [Jiyva's grace]
  7428 | D:6      | Gained mutation: Your rubbery body absorbs attacks. (AC +1,
                  | EV +1) [Jiyva's grace]
  7428 | D:6      | Gained mutation: Your pliable body absorbs attacks. (AC +2,
                  | EV +2) [Jiyva's grace]
  7428 | D:6      | Gained mutation: Your gelatinous body deflects attacks. (AC
                  | +3, EV +3) [Jiyva's grace]
  7502 | D:6      | Reached ***** piety under Jiyva
  7526 | D:6      | Gained mutation: Your mind is very acute. (Int +8,
                  | Str/Dex-2) [hidden potential]
  7526 | D:6      | Lost mutation: You have hidden genetic potential. [hidden
                  | potential expressed]
  7649 | D:6      | Found a glowing drain.
  7658 | Sewer    | Entered a sewer
  8417 | D:6      | Killed Eustachio
  8864 | D:7      | Reached skill level 1 in Short Blades
  8864 | D:7      | Reached skill level 1 in Polearms
  8891 | D:7      | Noticed a hornet
  8902 | D:7      | Killed a hornet
  8903 | D:7      | Reached XP level 9. HP: 34/67 MP: 0/0
  8903 | D:7      | Learned a level 3 spell: Mephitic Cloud
  9143 | D:7      | Found a staircase to the Ecumenical Temple.
  9334 | D:7      | Reached ****** piety under Jiyva
  9334 | D:7      | Lost mutation: Your spells are a little harder to cast, but
                  | a little more powerful. [Jiyva's grace]
  9334 | D:7      | Gained mutation: Your melee attacks may engulf your foes in
                  | ooze. [Jiyva's grace]
  9334 | D:7      | Gained mutation: You are resistant to electric shocks.
                  | (rElec) [Jiyva's grace]
  9334 | D:7      | Gained mutation: Your flesh is almost immune to the effects
                  | of heat. (rF+++) [Jiyva's grace]
  9334 | D:7      | Gained mutation: You are strong-willed. (Will+) [Jiyva's
                  | grace]
  9909 | Temple   | Entered the Ecumenical Temple
 10921 | D:8      | Found an ornate altar of the Wu Jian Council.
 10976 | D:8      | Identified the +5 ring mail "Mybaafuck" {Dex+7 Stlth+}
 11374 | D:9      | Reached skill level 1 in Long Blades
 11578 | D:9      | Reached XP level 10. HP: 67/75 MP: 0/0
 12086 | D:9      | Reached skill level 5 in Long Blades
 12273 | D:9      | Noticed a two-headed ogre
 12284 | D:9      | Killed a two-headed ogre
 12763 | D:9      | Noticed Gastronok
 12808 | D:9      | Killed Gastronok
 13087 | D:10     | Entered Level 10 of the Dungeon
 13195 | D:9      | Killed an unseen horror
 13438 | D:10     | Reached XP level 11. HP: 71/79 MP: 0/0
 13438 | D:10     | Learned a level 4 spell: Hailstorm
 13524 | D:10     | Reached skill level 3 in Dodging
 13829 | D:10     | Reached skill level 4 in Dodging
 13885 | D:10     | Reached skill level 5 in Dodging
 13939 | D:10     | Lost mutation: Your flesh is almost immune to the effects
                  | of heat. (rF+++) [Jiyva's grace]
 13939 | D:10     | Lost mutation: You are strong-willed. (Will+) [Jiyva's
                  | grace]
 13939 | D:10     | Gained mutation: You are covered in slimy tendrils that may
                  | disarm your opponents. [Jiyva's grace]
 13939 | D:10     | Gained mutation: You are robust. (+10% HP) [Jiyva's grace]
 13939 | D:10     | Gained mutation: You are very robust. (+20% HP) [Jiyva's
                  | grace]
 13939 | D:10     | Gained mutation: You are extremely robust. (+30% HP)
                  | [Jiyva's grace]
 14048 | D:10     | Reached skill level 6 in Dodging
 14258 | D:10     | Reached skill level 7 in Dodging
 14277 | D:10     | Found a staircase to the Lair.
 14521 | Lair:1   | Entered Level 1 of the Lair of Beasts
 14728 | Lair:1   | Reached skill level 8 in Dodging
 14809 | Lair:1   | Reached skill level 9 in Dodging
 14830 | Lair:1   | Noticed an eight-headed hydra
 14844 | Lair:1   | Killed an eight-headed hydra
 14856 | Lair:1   | Noticed Harold
 14887 | Lair:1   | Killed Harold
 14888 | Lair:1   | Reached skill level 10 in Dodging
 14933 | Lair:1   | Slain by a cane toad

Illustrated notes

Levels and vault maps discovered:
D:1:      dpeg_arrival_round_c, layout_loops_ring, minmay_worlds_worst_comb
D:2:      layout_basic, shapermc_ecumenical_altar_starsandcircs, serial_bayou,
          serial_bayou_shore_b, serial_bayou_pond_c, serial_bayou_pond_a,
          serial_bayou_pond_d, uniq_jessica, uniq_natasha
D:3:      layout_basic, uniq_robin
D:4:      layout_cave_pods, minitemple, minmay_misc_feat_room
D:5:      layout_basic, serial_undead, serial_undead_b, serial_undead_b,
          serial_undead_a, serial_undead_f, serial_undead_d,
          nicolae_specific_store
D:6:      wad_pebble_path, layout_basic, cheibrodos_sewer_entry_drain,
          nrook_mini_vaults, uniq_eustachio
D:7:      layout_basic, minmay_temple_entry_grid
D:8:      layout_loops_ring, kennysheep_little_box,
          mainiacjoe_overflow_24_doors, skrybe_limestone_x,
          minmay_misc_feat_rugged
D:9:      layout_cave_pods, uniq_gastronok
D:10:     layout_loops_ring, erik_lair_island
Temple:   compressed_dpeg_circular_temple
Lair:1:   layout_concentric_octagons, gammafunk_ghost_arena, minivault_27,
          uniq_harold

Skill      XL: |  1  2  3  4  5  6  7  8  9 10 11 |
---------------+----------------------------------+-----
Stealth        | 2 |  2.1
Fighting       | 1 2 3 4 5 6 7 |  7.4
Spellcasting   | 4 5 6 |  6.8
Short Blades   | 2 3 |  3.9
Polearms       | 1 3 |  3.4
Long Blades    | 2 8 |  8.3
Dodging        | 10 | 10.2

Action                   |  1- 3 |  4- 6 |  7- 9 | 10-12 || total
-------------------------+-------+-------+-------+-------++-------
Melee: Spear             |    12 |     4 |    21 |     7 ||    44
       Scimitar          |       |       |       |    28 ||    28
 Cast: Magic Dart        |    66 |    38 |    66 |    49 ||   219
       Searing Ray       |     3 |    24 |    58 |    65 ||   150
       Fulminant Prism   |       |     1 |     1 |    12 ||    14
       Dazzling Flash    |       |       |     5 |    15 ||    20
       Mephitic Cloud    |       |       |       |     2 ||     2
       Iskenderun's Myst |       |       |       |     3 ||     3
Invok: Oozemancy         |       |       |       |     4 ||     4
Evoke: Wand              |       |       |       |     5 ||     5
  Use: Scroll            |     1 |       |    10 |     6 ||    17
       Potion            |       |       |       |     3 ||     3
 Stab: Sleeping          |       |       |     1 |       ||     1
Armor: Robe              |     7 |     5 |    27 |       ||    39
       Steam dragon scal |       |       |    10 |    57 ||    67
Dodge: Dodged            |    25 |    28 |   134 |   203 ||   390

Table legend: (Time is in decaauts)
 A = Elapsed time spent in this place.
 B = Non-inter-level travel time spent in this place.
 C = Inter-level travel time spent in this place.
 D = Time resting spent in this place.
 E = Time spent auto-exploring this place.
 F = Levels seen in this place.
 G = Mean time per level.
                   A        B        C        D        E       F      G
               +--------+--------+--------+--------+--------+-----+--------+
         Total |  14965 |  14600 |    365 |   5818 |   6466 |  13 | 1151.2 |
       Dungeon |  14004 |  13639 |    365 |   5383 |   6258 |  10 | 1400.4 |
        Temple |      1 |      1 |      0 |      0 |      0 |   1 |    1.0 |
          Lair |    407 |    407 |      0 |     20 |    160 |   1 |  407.0 |
         Sewer |    551 |    551 |      0 |    415 |     48 |   1 |  551.0 |
               +--------+--------+--------+--------+--------+-----+--------+

Top non-repeatable levels by time:
     D:2: 2279 daAuts
     D:1: 2064 daAuts
     D:9: 2022 daAuts
     D:7: 1387 daAuts
    D:10: 1166 daAuts
     D:8: 1131 daAuts
     D:5: 1103 daAuts
     D:4: 1012 daAuts
     D:3: 951 daAuts
     D:6: 887 daAuts
   Sewer: 551 daAuts
  Lair:1: 407 daAuts
  Temple: 1 daAuts
